 Dungeon Crawl Stone Soup version 0.29-a0-330-g52719c12eb (webtiles) character file.

Game seed: 10741268040328786771

21 Leszczynek the Skirmisher (level 3, 17/29 HPs)
             Began as a Human Gladiator on Apr 12, 2022.
             Quit the game on level 1 of the Dungeon.
             The game lasted 00:03:02 (300 turns).

Leszczynek the Skirmisher (Human Gladiator)          Turns: 300, Time: 00:03:03

Health: 17/29      AC:  5    Str: 14    XL:     3   Next: 2%
Magic:  3/3        EV: 12    Int: 10    God:
Gold:   0          SH:  0    Dex: 14    Spells: 2/2 levels left

rFire   . . .      SeeInvis .   a - +0 scimitar
rCold   . . .      Faith    .   (no shield)
rNeg    . . .      Spirit   .   h - +0 leather armour
rPois   .          Reflect  .   b - +0 helmet
rElec   .          Harm     .   f - +0 cloak
rCorr   .          Rampage  .   (no gloves)
Will    .....                   (no boots)
Stlth   +.........              (no amulet)
HPRegen 0.09/turn               (no ring)
MPRegen 0.08/turn               (no ring)

@: lethally poisoned (17 -> 0)
A: no striking features
a: no special abilities


You were on level 1 of the Dungeon.
You visited 1 branch of the dungeon, and saw 3 of its levels.

Inventory:

Hand Weapons
 a - a +0 scimitar (weapon)
Armour
 b - a +0 helmet (worn)
 f - a +0 cloak (worn)
 h - a +0 leather armour (worn)
Scrolls
 e - 2 scrolls of identify {unknown}
 g - 2 scrolls of teleportation {unknown}
 i - 2 scrolls of magic mapping {unknown}


   Skills:
 + Level 3.2 Fighting
 - Level 2.0 Throwing
 - Level 3.0 Dodging
 - Level 3.0 Unarmed Combat


You had 2 spell levels left.
You didn't know any spells.
Your spell library contained the following spells:

 Spells                   Type           Power      Damage    Failure   Level
 Summon Guardian Golem    Hex/Summ       0%         N/A       82%         3
 Orb of Destruction       Conj           0%         9d5       100%        7
 Spellforged Servitor     Conj/Summ      0%         N/A       100%        7


Dungeon Overview and Level Annotations

Branches:
Dungeon (3/15)

Altars:


Message History

A quokka comes into view.
You closely miss the quokka. The quokka barely misses you.
The quokka bites you.
You barely miss the quokka. The quokka barely misses you.
The quokka closely misses you.
You hit the quokka.
You kill the quokka!
You have reached level 3!
Your experience leads to an increase in your attributes!
Increase (S)trength, (I)ntelligence, or (D)exterity?
You feel clever. x2
There is a stone staircase leading up here.
You climb upwards.
Found a scroll labelled POEMMISTRUB.
There is a stone staircase leading down here.
g - 2 scrolls labelled POEMMISTRUB (gained 1)
A goblin comes into view. It is wielding a +1 dagger of venom.
The goblin shouts!
Throw: throwing net
Press: ? - help, Q - select action, (/) - cycle Shift-Dir - straight line, f - goblin
Aim: a goblin, wielding a +1 dagger of venom (53% to hit)
You throw a throwing net.
The throwing net closely misses the goblin.
Throw: javelin
Press: ? - help, Q - select action Shift-Dir - straight line, f/p - goblin
Aim: a goblin, wielding a +1 dagger of venom (53% to hit)
You throw a javelin. The javelin pierces through the goblin.
The goblin is moderately wounded.
The goblin hits you but does no damage.
You are poisoned.
The goblin hits you but does no damage.
You aren't carrying any potions.
You barely miss the goblin.
The goblin is moderately wounded.
You feel very sick. The goblin hits you but does no damage.
You are lethally poisoned!
You aren't carrying any potions.
Enter note: Are you sure you want to abandon this character and quit the game? (Confirm with "yes".)

#####
##....#######
...........>#
#..........#####
##.#.....@.....#
#....#..#g###.#
####.#....(...#
#.#.##.#####
#.#......
.......###
#.###### #. #


You could see a goblin.

Vanquished Creatures
  An adder (D:2)
  A ball python (D:2)
  An endoplasm (D:1)
  A goblin (D:2)
  A jackal (D:2)
  A quokka (D:2)
  4 bats
  A frilled lizard (D:2)
  2 rats
13 creatures vanquished.

Notes
Turn   | Place    | Note
-------+----------+-------------------------------------------
     0 | D:1      | Leszczynek the Human Gladiator began the quest for the Orb.
     0 | D:1      | Reached XP level 1. HP: 16/16 MP: 1/1
   168 | D:2      | Reached XP level 2. HP: 22/23 MP: 2/2
   210 | D:2      | Reached skill level 3 in Fighting
   282 | D:2      | Reached XP level 3. HP: 19/29 MP: 3/3
   300 | D:1      | Quit the game

Illustrated notes

Levels and vault maps discovered:
D:1:      psy_arrival_fountain, layout_basic,
          shapermc_ecumenical_altar_rom_forum, nrook_mini_backslash,
          minmay_tetromino_i2
D:2:      layout_basic, serial_shops, nicolae_lakefront_shop, dk_noncrumbling_4,
          minmay_goblin_kobold_house, uniq_sigmund, uniq_robin, uniq_natasha
D:3:      layout_basic, uniq_ijyb

Skill      XL: |  1  2 |
---------------+-------+-----
Fighting       | 3 |  3.2
Throwing       | |  2.0
Dodging        | |  3.0
Unarmed Combat | |  3.0

Action                   || total
-------------------------++-------
Melee: Unarmed           ||     9
       Scimitar          ||    29
Throw: Throwing net      ||     4
       Javelin           ||     1
 Stab: Sleeping          ||     1
       Held in net/web   ||     1
Armor: Leather armour    ||    18
Dodge: Dodged            ||    28

Table legend: (Time is in decaauts)
 A = Elapsed time spent in this place.
 B = Non-inter-level travel time spent in this place.
 C = Inter-level travel time spent in this place.
 D = Time resting spent in this place.
 E = Time spent auto-exploring this place.
 F = Levels seen in this place.
 G = Mean time per level.
                   A        B        C        D        E       F      G
               +--------+--------+--------+--------+--------+-----+--------+
         Total |    311 |    293 |     18 |      0 |      0 |   3 |  103.7 |
       Dungeon |    311 |    293 |     18 |      0 |      0 |   3 |  103.7 |
               +--------+--------+--------+--------+--------+-----+--------+

Top non-repeatable levels by time:
     D:2: 154 daAuts
     D:1: 149 daAuts
     D:3: 6 daAuts
